 Dungeon Crawl Stone Soup version 0.28-a0-643-g84cb2ea78e (webtiles) character file.

Game seed: 8107685513982779990

372392 dolemite99 the Whirler (level 22, -21/159 HPs)
             Began as a Gnoll Hunter on Oct 10, 2021.
             Was an Elder of Hepliaklqana.
             Killed from afar by a living spell (35 damage)
             ... with an iceblast
             ... summoned by a walking frostbound tome
             ... on level 2 of the Depths on Oct 11, 2021.
             The game lasted 02:27:56 (73391 turns).

dolemite99 the Whirler (Gnoll Hunter)              Turns: 73391, Time: 02:27:57

Health: -21/159    AC: 30    Str: 25    XL:     22   Next: 69%
Magic:  12/41      EV: 16    Int: 14    God:    Hepliaklqana [****..]
Gold:   883        SH: 18    Dex: 15    Spells: 2/51 levels left

rFire   + + .      SeeInvis +   b - +8 flail of Galukhaho {elec, rElec rC+ Will+}
rCold   + + .      Faith    .   I - +5 kite shield of Kleptomania {Rampage rF++ SInv Stlth-}
rNeg    . . .      Spirit   .   E - +6 chain mail "Duybikauh" {Will+ Str+4 Stlth+}
rPois   +          Reflect  .   t - +1 helmet
rElec   +          Harm     .   Z - +0 cloak of the Journeyman {rC+ rCorr Stlth+}
rCorr   +          Rampage  +   e - +2 pair of gloves
Will    +++..                   i - +1 pair of boots
Stlth   ++++......              M - amulet of regeneration
HPRegen 1.36/turn               w - ring of Giazinul {rElec rPois Str+3 Dex+2 Slay+4}
MPRegen 0.27/turn               u - ring of wizardry {=R}

@: death channelling
A: reduced essence, fangs 1, strong nose, distributed training
}: 2/15 runes: decaying, gossamer
a: Renounce Religion, Recall Ancestor, Ancestor Identity, Transference, Idealise


You were on level 2 of the Depths.
You worshipped Hepliaklqana.
Hepliaklqana was greatly pleased with you.
You visited 8 branches of the dungeon, and saw 38 of its levels.

You collected 4530 gold pieces.
You spent 3647 gold pieces at shops.

Inventory:

Hand Weapons
 a - a +6 hunting sling of flaming
 b - the +8 flail of Galukhaho (weapon) {elec, rElec rC+ Will+}
   (You bought it in a shop on level 5 of the Dungeon)

   It occasionally discharges a powerful burst of electricity upon striking a
   foe.
   rC:        It protects you from cold.
   rElec:     It insulates you from electricity.
   Will:      It increases your willpower.
 S - a +1 demon trident of protection
 W - a +9 vampiric trident
Missiles
 g - 896 stones
 X - 40 sling bullets
Armour
 e - a +2 pair of gloves (worn)
 i - a +1 pair of boots (worn)
 t - a +1 helmet (worn)
 E - the +6 chain mail "Duybikauh" (worn) {Will+ Str+4 Stlth+}
   (You found it on level 5 of the Lair of Beasts)

   Str:       It affects your strength (+4).
   Will:      It increases your willpower.
   Stlth:     It makes you more stealthy.
 I - the +5 kite shield of Kleptomania (worn) {Rampage rF++ SInv Stlth-}
   (You acquired it on level 12 of the Dungeon)

   rF:        It greatly protects you from fire.
   SInv:      It lets you see invisible.
   Rampage:   It bestows one free step when moving towards enemies.
   Stlth:     It makes you less stealthy.
 Z - the +0 cloak of the Journeyman (worn) {rC+ rCorr Stlth+}
   (You found it on level 7 of the Dungeon)

   rC:        It protects you from cold.
   rCorr:     It protects you from acid and corrosion.
   Stlth:     It makes you more stealthy.
Jewellery
 j - a ring of positive energy
 r - the ring of Guceyd {+Blink rC+ rN+ Will- rCorr}
   (You took it off a spriggan air mage on level 2 of the Depths)

   [ring of positive energy]

   rC:        It protects you from cold.
   rN:        It protects you from negative energy.
   +Blink:    It lets you blink.
   rCorr:     It protects you from acid and corrosion.
   Will:      It decreases your willpower.
 u - a ring of wizardry (right hand) {=R}
 w - the ring of Giazinul (left hand) {rElec rPois Str+3 Dex+2 Slay+4}
   (You found it on level 1 of the Elven Halls)

   [ring of slaying]

   Str:       It affects your strength (+3).
   Dex:       It affects your dexterity (+2).
   Slay:      It affects your accuracy & damage with ranged weapons and melee
   (+4).
   rElec:     It insulates you from electricity.
   rPois:     It protects you from poison.
 y - a ring of see invisible
 z - a ring of protection from cold
 M - an amulet of regeneration (around neck)
 T - a +6 ring of strength
Wands
 n - a wand of flame (51)
 C - a wand of paralysis (17)
 K - a wand of digging (14)
 P - a wand of polymorph (10)
Scrolls
 c - 3 scrolls of fear
 d - 2 scrolls of blinking
 f - 2 scrolls of vulnerability
 k - 2 scrolls of amnesia
 s - 2 scrolls of silence
 B - 5 scrolls of identify {@r1}
 F - 5 scrolls of fog
 R - 2 scrolls of teleportation
Potions
 h - 2 potions of might
 l - 2 potions of flight
 m - 3 potions of berserk rage
 o - 6 potions of resistance
 p - 6 potions of ambrosia
 q - 6 potions of brilliance
 v - 8 potions of attraction
 A - 2 potions of invisibility
 G - a potion of heal wounds
 H - 17 potions of curing
 J - a potion of lignification
 L - 5 potions of mutation
 N - a potion of haste
 O - a potion of magic
 Q - 3 potions of cancellation
Miscellaneous
 x - a condenser vane
 U - a phial of floods (quivered)
 V - a tin of tremorstones (2/2)
 Y - a lightning rod (4/4)


   Skills:
 + Level 15.8 Fighting
 + Level 15.2 Short Blades
 + Level 15.2 Long Blades
 + Level 15.2 Axes
 + Level 15.2 Maces & Flails
 + Level 15.2 Polearms
 + Level 15.2 Staves
 + Level 17.2 Slings
 + Level 15.2 Bows
 + Level 15.2 Crossbows
 + Level 15.2 Throwing
 + Level 15.2 Armour
 + Level 15.8 Dodging
 + Level 15.4 Stealth
 + Level 15.2 Shields
 + Level 15.2 Unarmed Combat
 + Level 15.2 Spellcasting
 + Level 12.9 Conjurations
 + Level 12.9 Hexes
 + Level 12.9 Summonings
 + Level 12.9 Necromancy
 + Level 12.9 Translocations
 + Level 12.9 Transmutations
 + Level 12.9 Fire Magic
 + Level 12.9 Ice Magic
 + Level 12.9 Air Magic
 + Level 12.9 Earth Magic
 + Level 12.9 Poison Magic
 + Level 16.5 Invocations
 + Level 15.2 Evocations


You had 2 spell levels left.
You knew the following spells:

 Your Spells              Type           Power      Damage    Failure   Level
a - Animate Armour        Summ/Erth      94%        N/A       1%          4
b - Mephitic Cloud        Conj/Pois/Air  47%        N/A       1%          3
c - Borgnjor's Vile Clut  Necr/Erth      23%        N/A       1%          5
d - Death Channel         Necr           23%        N/A       8%          6
e - Fireball              Conj/Fire      23%        3d11      1%          5
f - Swiftness             Air            47%        N/A       1%          3
g - Freezing Cloud        Conj/Ice/Air   23%        6-21      1%          5
i - Apportation           Tloc           94%        N/A       1%          1
j - Lesser Beckoning      Tloc           47%        N/A       1%          3
k - Frozen Ramparts       Ice            94%        1d11      1%          3
l - Airstrike             Air            23%        N/A       1%          4
m - Vampiric Draining     Necr           23%        2d9       1%          3
n - Cause Fear            Hex            23%        N/A       1%          4

Your spell library contained the following spells:

 Spells                   Type           Power      Damage    Failure   Level
 Animate Skeleton         Necr           94%        N/A       1%          1
 Foxfire                  Conj/Fire      100%       2x1d9     1%          1
 Freeze                   Ice            100%       1d11      1%          1
 Pain                     Necr           100%       1d9       1%          1
 Shock                    Conj/Air       100%       1d9       1%          1
 Summon Small Mammal      Summ           100%       N/A       1%          1
 Corpse Rot               Necr/Air       N/A        N/A       1%          2
 Ensorcelled Hibernation  Hex/Ice        94%        N/A       1%          2
 Poisonous Vapours        Pois/Air       94%        N/A       1%          2
 Conjure Flame            Conj/Fire      47%        6-21      1%          3
 Dazzling Flash           Conj/Hex       94%        N/A       1%          3
 Gell's Gravitas          Tloc           23%        N/A       1%          3
 Ignite Poison            Fire/Tmut/Pois 47%        N/A       1%          3
 Inner Flame              Hex/Fire       47%        N/A       1%          3
 Ozocubu's Armour         Ice            47%        N/A       1%          3
 Spider Form              Tmut/Pois      23%        N/A       1%          3
 Teleport Other           Tloc           47%        N/A       1%          3
 Flame Wave               Conj/Fire      47%        3d9       1%          4
 Hailstorm                Conj/Ice       47%        3d11      1%          4
 Agony                    Necr           47%        N/A       1%          5
 Alistair's Intoxication  Tmut/Pois      31%        N/A       1%          5
 Blade Hands              Tmut           23%        N/A       1%          5
 Metabolic Englaciation   Hex/Ice        23%        N/A       1%          5
 Silence                  Hex/Air        23%        N/A       1%          5
 Eringya's Noxious Bog    Tmut/Pois      23%        N/A       8%          6
 Invisibility             Hex            23%        N/A       8%          6
 Iron Shot                Conj/Erth      23%        9d5       8%          6
 Simulacrum               Ice/Necr       23%        N/A       8%          6
 Starburst                Conj/Fire      23%        6d8       8%          6
 Dragon Form              Tmut           23%        N/A       36%         7
 Spellforged Servitor     Conj/Summ      23%        N/A       36%         7
 Ignition                 Fire           23%        3d8       95%         8
 Death's Door             Necr           23%        N/A       100%        9
 Dragon's Call            Summ           23%        N/A       100%        9


Dungeon Overview and Level Annotations

Branches:
Dungeon (15/15)            Temple (0/1) D:6            Lair (6/6) D:11
  Swamp (4/4) Lair:2       Spider (4/4) Lair:3        Slime (0/5) Lair:5
    Orc (2/2) D:12            Elf (1/3) Orc:2        Vaults (4/5) D:13
  Crypt (0/3) Vaults:3     Depths (2/4) D:15

Altars:
Ashenzari
Cheibriados
Elyvilon
Fedhas
Gozag
Hepliaklqana
Kikubaaqudgha
Nemelex Xobeh
Ru
Wu Jian
Xom
Yredelemnul
Beogh

Shops:
D:5 (   D:8 *   D:10 *   Orc:2 *:*!   Elf:1 [(   Vaults:1 !

Portals:
Hell: Depths:1
Ziggurat: Depths:1

Annotations:
D:1 exclusion: 2 downstairs
D:9 3 runed translucent doors, karkarkar's ghost, novice MiFi
D:15 3 runed translucent doors
Lair:4 1 runed translucent door, rogsnak's ghost, journeyman BaAE
Lair:6 exclusion: obsidian statue, MisterAzrael's ghost, journeyman TrMo
Spider:3 3 runed translucent doors, AttackTheMoon's ghost, adept DrAE; Roxanne
Vaults:1 exclusion: downstairs
Vaults:2 Mennas
Vaults:3 exclusions: downstairs and upstairs


Innate Abilities, Weirdness & Mutations

Your life essence is reduced to manifest your ancestor. (-10% HP)
You have very sharp teeth.
Your uncanny sense of smell can sniff out nearby items.
Your experience applies equally to all skills.


Message History

Your spectral spriggan berserker hits the living spell!
The living spell casts itself at you.
The mass of ice explodes!
The iceblast engulfs you! You partially resist.
The living spell is engulfed in freezing vapours.
You hear a shout! x2
What are your orders? t - Bark!
Orders for allies: a - Attack new target. r - Retreat! s - Stop attacking. g - Guard the area. f - Follow me.
Anything else - Cancel.
Gang up on whom?
Press: ? - help, Dir - move target, f - walking frostbound tome
Aim: a walking frostbound tome Attack!
The living spell casts itself at you.
The mass of ice explodes!
The iceblast engulfs you!! You partially resist.
Your spectral spriggan berserker is engulfed in freezing vapours.
Your spectral spriggan berserker hits the walking frostbound tome but does no damage.
The living spell casts itself at you.
The mass of ice explodes!
The iceblast engulfs you!! You partially resist.
The walking frostbound tome erupts in a flurry of living spells!
Your spectral ettin is engulfed in freezing vapours.
You hear a loud rustle.
Press: ? - help, v - describe, . - travel
Here: a walking frostbound tome (freezing vapour, ally target)
The floor.
Your spectral spriggan berserker is engulfed in freezing vapours.
Something hits your spectral spriggan berserker but does no damage.
Your spectral ettin is engulfed in freezing vapours.
The ice dragon is engulfed in freezing vapours.
The living spell casts itself at you.
The mass of ice explodes!
The iceblast engulfs you!! You partially resist.
* * * LOW HITPOINT WARNING * * *
The living spell casts itself at you.
The mass of ice explodes!
The iceblast engulfs you!! You partially resist.
* * * LOW HITPOINT WARNING * * *
The living spell casts itself at you.
The mass of ice explodes!
The iceblast engulfs you!! You partially resist.
You die...

## ## .# #.. #..# ##.. ...##
....####....##.#..#
##.....#.....#.. ..# ######
##.........#....##.# ##..#.##
#.........##..Z.#..# ####......#
...?.......#..#.@..###..#.....###
#.........#. ##..##....#...##..#
##........*..##........###......#
#(..(....*..*.*....##.##.....#...
#(.)..#..*Z.≈).............###...
.....## .#Z.≈).........##..###...
.<.C## ##.)...###....>...#....#
....# #....... #..#..........#
....# .........###.8.###......#


You could see a living spell (summoned) and a friendly spectral juggernaut
(wandering).

Vanquished Creatures
  2 juggernauts (Depths:2)
  the Lernaean hydra (Swamp:4)
  A caustic shrike (Depths:2)
  Rupert (Lair:4)
  Frances (Spider:1)
  Gastronok (Orc:1)
  Kirke (D:12)
  A thorn hunter (Swamp:4)
  A tengu reaver (Vaults:4)
  A fire giant (Depths:2)
  9 vault wardens
  An emperor scorpion (Spider:4)
  2 ghost moths (Spider:4)
  An orc warlord (Vaults:4)
  2 balrugs (Depths:1)
  10 ironbound preservers
  3 stone giants
  7 very ugly things
  A war gargoyle (Vaults:4)
  7 dire elephants
  2 bunyips
  2 deep elf death magi
  2 eleionomae (Swamp:1)
  An ettin (Vaults:3)
  Josephine (D:10)
  5 yaktaur captains
  A fire dragon (Depths:2)
  2 ice dragons
  Fannar (D:11)
  2 shambling mangroves (Swamp:3)
  A rakshasa (Depths:1)
  3 ironbound thunderhulks
  Erolcha (D:11)
  9 vault guards
  A hell beast (Depths:1)
  9 hydras
  2 boulder beetles
  Erica (D:11)
  An ogre mage (Vaults:4)
  An ironbound frostheart (Vaults:4)
  A catoblepas (Lair:5)
  An alligator (Swamp:1)
  7 centaur warriors
  7 two-headed ogres
  4 dancing weapons (Elf:1)
  2 deep troll shamans (Depths:1)
  A death knight (D:13)
  3 death yaks (Lair:3)
  A tengu warrior (D:14)
  2 deep troll earth magi
  5 hell hogs (Depths:1)
  2 spriggan berserkers
  2 sun demons (Depths:1)
  2 deep elf knights (Elf:1)
  A hell knight (Vaults:2)
  A soul eater (Depths:1)
  3 iron trolls (Depths:1)
  36 deep trolls
  A glowing orange brain (Depths:1)
  3 swamp dragons
  A bog body (Swamp:3)
  A spriggan druid (Swamp:3)
  2 deep elf archers (Elf:1)
  5 phantasmal warriors
  4 wizards
  5 necromancers (Elf:1)
  6 lindwurms
  5 deep elf zephyrmancers (Elf:1)
  9 ironbound convokers
  5 deep elf pyromancers
  A manticore (D:15)
  An orc sorcerer (Elf:1)
  8 orb spiders
  13 ugly things
  7 orc knights
  5 wolf spiders
  A cyclops (shapeshifter) (Elf:1)
  A cyclops (Orc:1)
  2 elephants (Lair:6)
  A will-o-the-wisp (Swamp:3)
  A guardian serpent (shapeshifter) (D:14)
  2 black mambas
  Maurice (D:8)
  A gargoyle (D:11)
  2 smoke demons (Depths:1)
  7 vault sentinels
  4 rime drakes (Lair:5)
  14 cane toads
  A hellion (Depths:1)
  5 demonic crawlers
  24 yaktaurs
  3 tengu conjurers (D:14)
  5 komodo dragons
  2 freezing wraiths (D:13)
  A polar bear (Lair:5)
  18 jumping spiders
  3 trolls
  2 tyrant leeches
  12 slime creatures
  5 hornets
  15 blink frogs
  A blink frog (shapeshifter) (D:15)
  A meliai zombie (D:11)
  52 redbacks
  7 spriggans
  A tarantella (shapeshifter) (D:15)
  22 yaks
  A water elemental (Elf:1)
  5 wraiths
  18 tarantellas
  3 hogs (D:12)
  4 steam dragons
  4 vampire mosquitoes
  2 basilisks
  2 large abominations (Elf:1)
  9 swamp worms
  3 acid dragons
  9 water moccasins
  A floating eye (Depths:2)
  3 swamp drakes (Swamp:4)
  A black bear (D:11)
  19 orc warriors
  2 necrophages
  6 ogres
  2 battlemagi
  15 wolves
  19 centaurs
  2 phantoms
  An elf zombie (Elf:1)
  2 gnoll sergeants
  10 bullfrogs
  2 scorpions
  A wyvern skeleton (D:5)
  A wight (D:10)
  6 electric eels
  3 howler monkeys (D:9)
  A bullfrog zombie (D:6)
  2 centaur zombies
  2 hounds
  5 orc priests
  5 jellies
  A bullfrog skeleton (D:5)
  An iguana (D:4)
  Jessica (D:2)
  6 orc wizards
  A killer bee zombie (D:8)
  Robin (D:3)
  A howler monkey zombie (D:9)
  15 gnolls
  7 adders
  2 white imps
  2 ufetubi
  A worm (D:8)
  2 dart slugs
  60 orcs
  5 bats
  4 bat zombies (D:4)
  11 endoplasms
  A giant cockroach (D:1)
  20 goblins
  13 hobgoblins
  8 jackals
  7 kobolds
  2 quokkas
  3 ball pythons
  4 frilled lizards
  2 goblin zombies (D:6)
  4 rats
838 creatures vanquished.

Vanquished Creatures (collateral kills)
  Bai Suzhen (Spider:3)
  3 golden dragons (Depths:2)
  Jorgrun (Swamp:1)
  A walking crystal tome (Depths:2)
  A tentacled monstrosity (Swamp:4)
  A lich (Depths:2)
  2 titans (Depths:2)
  3 sphinxes
  A fenstrider witch (Swamp:1)
  2 tengu reavers
  3 fire giants
  An orc warlord (Vaults:2)
  A ghost moth (Spider:4)
  2 frost giants
  Louise (Swamp:1)
  Aizul (Spider:2)
  9 vault wardens
  6 emperor scorpions
  8 ironbound preservers
  4 stone giants
  A spriggan defender (Depths:2)
  18 very ugly things
  A deep elf demonologist (Vaults:2)
  3 bunyips
  A vampire knight (Depths:2)
  3 entropy weavers
  6 dire elephants
  4 fire dragons
  3 eleionomae (Swamp:1)
  2 great orbs of eyes
  2 shambling mangroves
  3 crystal guardians (Vaults:3)
  A deep elf death mage (Elf:1)
  3 ettins
  A deep elf high priest (Vaults:2)
  5 ironbound thunderhulks
  5 yaktaur captains
  13 hydras
  2 rakshasas
  9 vault guards
  2 peacekeepers (Vaults:3)
  A spriggan air mage (Depths:2)
  3 ice dragons
  3 ironbound frosthearts
  A catoblepas (D:14)
  2 boulder beetles
  5 centaur warriors
  5 deep troll shamans
  4 two-headed ogres
  6 alligators
  4 death yaks
  2 deep troll earth magi
  2 dancing weapons (Elf:1)
  4 spriggan berserkers
  2 soul eaters (Depths:1)
  An iron troll (Depths:1)
  A spectral death yak (Lair:6)
  A fire crab (Lair:5)
  A goliath frog (shapeshifter) (Depths:2)
  A flayed ghost (Depths:2)
  42 deep trolls
  3 large abominations (Elf:1)
  4 spriggan druids
  2 goliath frogs
  A glowing orange brain (Depths:2)
  3 lindwurms
  7 swamp dragons
  2 deep elf archers (Elf:1)
  3 wizards
  A spectral anaconda (Lair:6)
  2 orc knights
  A deep elf zephyrmancer (Elf:1)
  2 necromancers (Lair:6)
  12 orb spiders
  4 ironbound convokers
  3 deep elf pyromancers
  13 wolf spiders
  2 cyclopes
  A will-o-the-wisp (Swamp:1)
  A manticore (D:11)
  21 ugly things
  A moth of wrath (Spider:2)
  2 black mambas (Lair:3)
  2 torpor snails (Spider:1)
  14 elephants
  12 vault sentinels
  4 cane toads
  A smoke demon (Depths:1)
  A gargoyle (D:11)
  An eye of devastation (shapeshifter) (Depths:2)
  6 rime drakes
  3 komodo dragons
  19 yaktaurs
  2 demonic crawlers
  18 jumping spiders
  14 hornets
  5 tyrant leeches
  2 polar bears
  7 slime creatures
  18 blink frogs
  A dream sheep (shapeshifter) (D:14)
  Sigmund (D:2)
  31 redbacks
  10 tarantellas
  A vampire (D:13)
  25 yaks
  8 spriggans
  A wyvern (Lair:3)
  2 wraiths
  3 hogs (D:12)
  6 basilisks
  A fire elemental (Elf:1)
  2 death yak simulacra (Lair:6)
  6 vampire mosquitoes
  A warg (Orc:2)
  10 swamp worms
  An acid dragon (D:12)
  5 water moccasins
  6 swamp drakes
  12 orc warriors
  A black bear (D:8)
  4 ogres
  A necrophage (D:7)
  10 wolves
  3 centaurs
  An elf zombie (Elf:1)
  A wyvern zombie (D:9)
  5 bullfrogs
  A cane toad simulacrum (Lair:6)
  3 wights (D:10)
  2 elephant simulacra (Lair:6)
  A hound (D:7)
  8 jellies (Lair:5)
  3 orc priests
  2 iguanas (Lair:2)
  5 orc wizards
  An adder (D:2)
  2 worms (D:2)
  11 orcs
  A goblin (D:2)
  A hobgoblin (D:2)
651 creatures vanquished.

Vanquished Creatures (others)
  A black mamba (Lair:6)
  2 deep trolls
  A spriggan druid (Swamp:1)
  A deep elf zephyrmancer (Elf:1)
  A necromancer (Lair:6)
  4 yaktaurs
  A redback (Spider:1)
  2 jellies (Lair:5)
  72 battlemagi
  5 ancestors (D:7)
  An orc (Orc:2)
  A quokka (Depths:1)
  A bush (Lair:2)
  14 foxfires
  43 fungi
  96 plants
  31 withered plants (Lair:6)
277 creatures vanquished.

Grand Total: 1766 creatures vanquished

Notes
Turn   | Place    | Note
-------+----------+-------------------------------------------
     0 | D:1      | dolemite99 the Gnoll Hunter began the quest for the Orb.
     0 | D:1      | Reached XP level 1. HP: 20/20 MP: 1/1
   157 | D:1      | Reached XP level 2. HP: 26/26 MP: 2/2
   287 | D:1      | Reached XP level 3. HP: 31/31 MP: 3/3
   544 | D:1      | Reached skill level 1 in Invocations
   610 | D:1      | Found a faded altar of an unknown god.
   762 | D:2      | Noticed Sigmund
   791 | D:2      | Reached skill level 1 in Short Blades
   791 | D:2      | Reached skill level 1 in Long Blades
   791 | D:2      | Reached skill level 1 in Axes
   791 | D:2      | Reached skill level 1 in Maces & Flails
   791 | D:2      | Reached skill level 1 in Polearms
   791 | D:2      | Reached skill level 1 in Staves
   791 | D:2      | Reached skill level 1 in Bows
   791 | D:2      | Reached skill level 1 in Crossbows
   791 | D:2      | Reached skill level 1 in Throwing
   791 | D:2      | Reached skill level 1 in Armour
   791 | D:2      | Reached skill level 1 in Shields
   791 | D:2      | Reached skill level 1 in Unarmed Combat
   791 | D:2      | Reached skill level 1 in Spellcasting
   791 | D:2      | Reached skill level 1 in Evocations
   791 | D:2      | Reached XP level 4. HP: 38/38 MP: 5/5
  2477 | D:3      | Found an ornate altar of the Wu Jian Council.
  2490 | D:3      | Reached skill level 1 in Conjurations
  2490 | D:3      | Reached skill level 1 in Hexes
  2490 | D:3      | Reached skill level 1 in Summonings
  2490 | D:3      | Reached skill level 1 in Necromancy
  2490 | D:3      | Reached skill level 1 in Translocations
  2490 | D:3      | Reached skill level 1 in Transmutations
  2490 | D:3      | Reached skill level 1 in Fire Magic
  2490 | D:3      | Reached skill level 1 in Ice Magic
  2490 | D:3      | Reached skill level 1 in Air Magic
  2490 | D:3      | Reached skill level 1 in Earth Magic
  2490 | D:3      | Reached skill level 1 in Poison Magic
  2564 | D:3      | Reached XP level 5. HP: 16/43 MP: 6/6
  3615 | D:2      | Noticed Robin
  4311 | D:3      | Killed Robin
  5030 | D:4      | Noticed a phantom
  5044 | D:4      | Killed a phantom
  5045 | D:4      | Reached XP level 6. HP: 38/50 MP: 8/8
  5523 | D:4      | Reached skill level 5 in Fighting
  5523 | D:4      | Reached skill level 5 in Dodging
  5941 | D:4      | Found an ancient bone altar of Kikubaaqudgha.
  6402 | D:5      | Entered Level 5 of the Dungeon
  6978 | D:5      | Reached XP level 7. HP: 52/56 MP: 10/10
  7073 | D:5      | Found a hazy altar of Hepliaklqana.
  7073 | D:5      | Found a white marble altar of Elyvilon.
  7077 | D:5      | Became a worshipper of Hepliaklqana the Forgotten
  7664 | D:5      | Found a blossoming altar of Fedhas.
  7814 | D:5      | Found Les Hudgh's Antique Weapon Shoppe.
  7836 | D:5      | Bought an ancient flail for 263 gold pieces
  7836 | D:5      | Identified the +8 flail of Galukhaho {elec, rElec rC+
                  | Will+} (You bought it in a shop on level 5 of the Dungeon)
  7865 | D:5      | Reached skill level 9 in Slings
  8322 | D:6      | Identified the +6 flail of Prescription {drain, Str+3
                  | Int+4}
  8336 | D:6      | Reached XP level 8. HP: 39/63 MP: 12/12
  8554 | D:6      | Found a staircase to the Ecumenical Temple.
  9577 | D:7      | Reached * piety under Hepliaklqana
  9651 | D:7      | Reached XP level 9. HP: 26/62 MP: 14/14
 10412 | D:7      | Identified a scroll of acquirement
 10412 | D:7      | Acquired a +5 hunting sling of flaming
 10613 | D:7      | Noticed a hornet
 10623 | D:7      | Killed a hornet
 10624 | D:7      | Reached skill level 5 in Stealth
 10770 | D:7      | Noticed a two-headed ogre
 10770 | D:7      | Noticed a two-headed ogre
 10785 | D:7      | Killed a two-headed ogre
 10786 | D:7      | Reached skill level 5 in Invocations
 10799 | D:7      | Killed a two-headed ogre
 10800 | D:7      | Reached skill level 5 in Short Blades
 10800 | D:7      | Reached skill level 5 in Long Blades
 10800 | D:7      | Reached skill level 5 in Axes
 10800 | D:7      | Reached skill level 5 in Maces & Flails
 10800 | D:7      | Reached skill level 5 in Polearms
 10800 | D:7      | Reached skill level 5 in Staves
 10800 | D:7      | Reached skill level 5 in Bows
 10800 | D:7      | Reached skill level 5 in Crossbows
 10800 | D:7      | Reached skill level 5 in Throwing
 10800 | D:7      | Reached skill level 5 in Armour
 10800 | D:7      | Reached skill level 5 in Shields
 10800 | D:7      | Reached skill level 5 in Unarmed Combat
 10800 | D:7      | Reached skill level 5 in Spellcasting
 10800 | D:7      | Reached skill level 5 in Evocations
 10800 | D:7      | Reached XP level 10. HP: 12/69 MP: 15/17
 11317 | D:7      | Found the +7 pair of quick blades "Gyre" and "Gimble"
                  | {protect}
 11440 | D:7      | Identified the +0 cloak of the Journeyman {rC+ rCorr
                  | Stlth+}
 11684 | D:8      | Found a snail-covered altar of Cheibriados.
 11736 | D:8      | Reached skill level 10 in Slings
 12138 | D:8      | Found a sacrificial altar of Ru.
 12224 | D:8      | Reached ** piety under Hepliaklqana
 12225 | D:8      | Remembered your ancestor Caliana as a battlemage
 12233 | D:8      | Noticed Maurice
 12241 | D:8      | Killed Maurice
 12280 | D:8      | Found Meutt's Assorted Antiques.
 12511 | D:8      | Bought a wand of mindburst (15) for 76 gold pieces
 12511 | D:8      | Bought a wand of mindburst (11) for 76 gold pieces
 12511 | D:8      | Bought a silver wand for 76 gold pieces
 12713 | D:9      | Found a runed translucent gate.
 12720 | D:9      | Noticed a two-headed ogre
 12727 | D:9      | Killed a two-headed ogre
 12728 | D:9      | Found a runed translucent gate.
 12728 | D:9      | Found a runed translucent gate.
 12908 | D:9      | Noticed a centaur warrior
 12915 | D:9      | Killed a centaur warrior
 13272 | D:9      | Reached XP level 11. HP: 75/75 MP: 19/19
 13351 | D:9      | Found an opulent altar of Gozag.
 13352 | D:9      | Noticed a fire crab
 13353 | D:9      | Noticed a deep elf pyromancer
 13353 | D:9      | Noticed karkarkar's ghost (novice MiFi)
 13537 | D:10     | Entered Level 10 of the Dungeon
 13560 | D:10     | Found Veycu's Elemental Accessories.
 13561 | D:10     | Noticed Josephine
 13569 | D:10     | Killed Josephine
 13574 | D:10     | Reached skill level 5 in Conjurations
 13574 | D:10     | Reached skill level 5 in Hexes
 13574 | D:10     | Reached skill level 5 in Summonings
 13574 | D:10     | Reached skill level 5 in Necromancy
 13574 | D:10     | Reached skill level 5 in Translocations
 13574 | D:10     | Reached skill level 5 in Transmutations
 13574 | D:10     | Reached skill level 5 in Fire Magic
 13574 | D:10     | Reached skill level 5 in Ice Magic
 13574 | D:10     | Reached skill level 5 in Air Magic
 13574 | D:10     | Reached skill level 5 in Earth Magic
 13574 | D:10     | Reached skill level 5 in Poison Magic
 13793 | D:11     | Noticed a boulder beetle
 13813 | D:10     | Killed a boulder beetle
 14325 | D:10     | Noticed a two-headed ogre
 14332 | D:10     | Killed a two-headed ogre
 14828 | D:11     | Learned a level 1 spell: Animate Skeleton
 14831 | D:11     | Learned a level 2 spell: Corpse Rot
 14834 | D:11     | Learned a level 2 spell: Poisonous Vapours
 14836 | D:11     | Learned a level 1 spell: Apportation
 14840 | D:11     | Learned a level 3 spell: Teleport Other
 15089 | D:11     | Reached *** piety under Hepliaklqana
 15097 | D:11     | Identified the +6 short sword "Impslayer" {pain, rF+ rC-
                  | rN+ Str+5}
 15211 | D:8      | Bought an embroidered scarf for 152 gold pieces
 15315 | D:11     | Noticed a two-headed ogre
 15321 | D:11     | Killed a two-headed ogre
 15423 | D:11     | Noticed Fannar
 15473 | D:11     | Killed Fannar
 15538 | D:11     | Noticed a two-headed ogre
 15545 | D:11     | Killed a two-headed ogre
 15546 | D:11     | Reached XP level 12. HP: 84/84 MP: 22/22
 15565 | D:11     | Reached skill level 11 in Slings
 15693 | D:11     | Noticed Erolcha
 15698 | D:11     | Killed Erolcha
 15793 | D:11     | Found a staircase to the Lair.
 15942 | D:11     | Noticed Erica
 15953 | D:11     | Killed Erica
 16066 | Lair:1   | Entered Level 1 of the Lair of Beasts
 16495 | Lair:1   | Identified the +3 whip of Ignis {venom, Contam Int+9 Dex+2}
 17245 | Lair:1   | HP: 3/84 [blink frog (13)]
 17454 | Lair:2   | Noticed a five-headed hydra
 17566 | Lair:2   | Noticed a six-headed hydra
 17574 | Lair:2   | Killed a six-headed hydra
 17713 | Lair:2   | Found a staircase to the Swamp.
 17714 | Lair:2   | Identified the +3 dagger of Death's Door {distort, Will+}
 17850 | Lair:2   | Reached XP level 13. HP: 90/90 MP: 24/24
 18082 | Lair:2   | Reached **** piety under Hepliaklqana
 18339 | Lair:2   | Identified the +5 trident "Zixusuhu" {drain, *Rage rC+
                  | Dex+4 SInv}
 18521 | Lair:3   | Found a hole to the Spider Nest.
 20198 | Lair:3   | Learned a level 3 spell: Swiftness
 20403 | Lair:3   | Reached skill level 12 in Slings
 20997 | Lair:4   | Noticed rogsnak's ghost (journeyman BaAE)
 21000 | Lair:4   | Found a runed translucent door.
 21019 | Lair:4   | Noticed Rupert
 21033 | Lair:4   | Killed Rupert
 21335 | Lair:4   | Reached skill level 10 in Fighting
 21335 | Lair:4   | Reached skill level 10 in Dodging
 21335 | Lair:4   | Reached XP level 14. HP: 99/99 MP: 26/26
 23223 | Lair:5   | Found a staircase to the Slime Pits.
 23500 | Lair:5   | Found an opulent altar of Gozag.
 23771 | Lair:5   | Reached skill level 10 in Invocations
 23842 | Lair:5   | Identified the +6 chain mail "Duybikauh" {Will+ Str+4
                  | Stlth+}
 24315 | Lair:6   | Entered Level 6 of the Lair of Beasts
 24575 | D:12     | Noticed Kirke
 24597 | D:12     | Killed Kirke
 25295 | D:12     | Found a staircase to the Orcish Mines.
 25393 | D:12     | Found a sparkling altar of Nemelex Xobeh.
 25617 | D:12     | Acquired the +5 kite shield of Kleptomania {Rampage rF++
                  | SInv Stlth-}
 25975 | Orc:1    | Entered Level 1 of the Orcish Mines
 26089 | Orc:1    | Reached ***** piety under Hepliaklqana
 26217 | Orc:1    | Noticed Gastronok
 26230 | Orc:1    | Killed Gastronok
 26688 | Orc:2    | Entered Level 2 of the Orcish Mines
 28597 | Orc:2    | Found a shimmering altar of Xom.
 28631 | Orc:2    | Found a staircase to the Elven Halls.
 29170 | Orc:2    | Reached skill level 10 in Stealth
 29746 | Orc:2    | Found Mypsext's Book Shop.
 29746 | Orc:2    | Found Jiewk's Assorted Antiques.
 29748 | Orc:2    | Found Haomafay's Distillery.
 29750 | Orc:2    | Found Ynkufix's Assorted Antiques.
 29768 | Orc:2    | Bought a book of Frost for 330 gold pieces
 29772 | Orc:2    | Learned a level 3 spell: Frozen Ramparts
 29775 | Orc:2    | Bought a potion of heal wounds for 85 gold pieces
 29775 | Orc:2    | Bought a potion of curing for 51 gold pieces
 29775 | Orc:2    | Bought a potion of invisibility for 136 gold pieces
 29777 | Orc:2    | Bought a scroll of fear for 108 gold pieces
 29777 | Orc:2    | Bought a large iron ring for 155 gold pieces
 29789 | Orc:2    | Bought a potion of curing for 93 gold pieces
 29789 | Orc:2    | Bought a crooked ivory wand for 124 gold pieces
 29793 | Orc:2    | Bought a wand of paralysis (4) for 62 gold pieces
 30090 | D:13     | Reached XP level 15. HP: 98/105 MP: 19/28
 31307 | D:13     | Found a gate to the Vaults.
 31498 | Orc:2    | Bought the Almanac of Combat Magic for 540 gold pieces
 31502 | Orc:2    | Learned a level 3 spell: Mephitic Cloud
 31855 | D:14     | Identified the +5 great sword "Etifriung" {pain, Dex+2}
 31856 | D:14     | Reached skill level 10 in Short Blades
 31856 | D:14     | Reached skill level 10 in Long Blades
 31856 | D:14     | Reached skill level 10 in Axes
 31856 | D:14     | Reached skill level 10 in Maces & Flails
 31856 | D:14     | Reached skill level 10 in Polearms
 31856 | D:14     | Reached skill level 10 in Staves
 31856 | D:14     | Reached skill level 10 in Bows
 31856 | D:14     | Reached skill level 10 in Crossbows
 31856 | D:14     | Reached skill level 10 in Throwing
 31856 | D:14     | Reached skill level 10 in Armour
 31856 | D:14     | Reached skill level 10 in Shields
 31856 | D:14     | Reached skill level 10 in Unarmed Combat
 31856 | D:14     | Reached skill level 10 in Spellcasting
 31856 | D:14     | Reached skill level 10 in Evocations
 31989 | D:14     | Reached skill level 13 in Slings
 32570 | D:14     | Found a snail-covered altar of Cheibriados.
 33020 | D:14     | Identified the +5 shortbow of Hard Scrabble {speed, Str+2
                  | Int+2}
 33982 | Lair:6   | Found the ring of the Octopus King
 33993 | Lair:6   | Identified a ring of the Octopus King {rCorr AC+1 EV+1
                  | Str+1 Int+1 Dex+1}
 34708 | Lair:6   | Found a runed translucent gate.
 34708 | Lair:6   | Found a runed translucent gate.
 34708 | Lair:6   | Found a runed translucent gate.
 34709 | Lair:6   | Noticed MisterAzrael's ghost (journeyman TrMo)
 35013 | Lair:6   | Reached XP level 16. HP: 113/113 MP: 20/30
 36074 | D:15     | Entered Level 15 of the Dungeon
 36156 | D:15     | Found a runed translucent gate.
 36156 | D:15     | Found a runed translucent gate.
 36156 | D:15     | Found a runed translucent gate.
 36445 | D:15     | Learned a level 3 spell: Vampiric Draining
 36597 | D:15     | Found a broken altar of Ashenzari.
 36638 | D:15     | Found a staircase to the Depths.
 36786 | Orc:2    | Bought an opal ring for 165 gold pieces
 36790 | Orc:2    | Bought a wand of acid (8) for 264 gold pieces
 36955 | Lair:2   | Learned a level 3 spell: Lesser Beckoning
 36960 | Lair:2   | Learned a level 4 spell: Animate Armour
 36965 | Lair:2   | Learned a level 4 spell: Airstrike
 36966 | Swamp:1  | Entered Level 1 of the Swamp
 36970 | Swamp:1  | Noticed Jorgrun
 36979 | Swamp:1  | Killed Jorgrun
 37037 | Swamp:1  | Noticed a fenstrider witch
 37043 | Swamp:1  | Killed a fenstrider witch
 37395 | Swamp:1  | Noticed Louise
 37575 | Swamp:1  | Killed Louise
 39242 | Swamp:2  | Identified the +6 quarterstaff of the Twisting Eel {vorpal,
                  | Str+3 Int+3 Dex+3}
 41250 | Swamp:3  | Reached XP level 17. HP: 119/119 MP: 32/32
 41256 | Swamp:3  | Reached skill level 14 in Slings
 41553 | Spider:1 | Entered Level 1 of the Spider Nest
 42923 | Spider:1 | Learned a level 5 spell: Borgnjor's Vile Clutch
 43061 | Spider:2 | Noticed Aizul
 43282 | Spider:2 | Noticed Frances
 43708 | Spider:1 | Killed Frances
 45007 | Swamp:4  | Entered Level 4 of the Swamp
 45038 | Swamp:4  | Noticed a tentacled monstrosity
 46018 | Swamp:4  | Killed a tentacled monstrosity
 46019 | Swamp:4  | Reached skill level 10 in Conjurations
 46019 | Swamp:4  | Reached skill level 10 in Hexes
 46019 | Swamp:4  | Reached skill level 10 in Summonings
 46019 | Swamp:4  | Reached skill level 10 in Necromancy
 46019 | Swamp:4  | Reached skill level 10 in Translocations
 46019 | Swamp:4  | Reached skill level 10 in Transmutations
 46019 | Swamp:4  | Reached skill level 10 in Fire Magic
 46019 | Swamp:4  | Reached skill level 10 in Ice Magic
 46019 | Swamp:4  | Reached skill level 10 in Air Magic
 46019 | Swamp:4  | Reached skill level 10 in Earth Magic
 46019 | Swamp:4  | Reached skill level 10 in Poison Magic
 47407 | Swamp:4  | Noticed the 27-headed Lernaean hydra
 47415 | Swamp:4  | Killed the 27-headed Lernaean hydra
 47416 | Swamp:4  | Reached XP level 18. HP: 127/127 MP: 25/34
 47642 | Swamp:4  | Got a decaying rune of Zot
 48441 | D:2      | Noticed Jessica
 48444 | D:2      | Killed Jessica
 48483 | D:2      | Killed Sigmund
 49277 | D:10     | Learned a level 5 spell: Freezing Cloud
 49363 | Orc:2    | Bought a scroll of fear for 115 gold pieces
 49473 | Vaults:1 | Entered Level 1 of the Vaults
 50219 | Vaults:1 | Found Fuumawn's Distillery.
 50227 | Vaults:1 | Bought a potion of invisibility for 128 gold pieces
 50227 | Vaults:1 | Bought a potion of invisibility for 128 gold pieces
 50227 | Vaults:1 | Bought a potion of heal wounds for 80 gold pieces
 50227 | Vaults:1 | Bought a potion of magic for 128 gold pieces
 50229 | Vaults:1 | Bought a potion of curing for 48 gold pieces
 52401 | Vaults:1 | Reached skill level 15 in Slings
 54081 | Vaults:2 | Reached XP level 19. HP: 135/135 MP: 2/35
 55273 | Vaults:2 | Noticed Mennas
 57948 | Vaults:3 | Learned a level 5 spell: Fireball
 59429 | Vaults:3 | Found a staircase to the Crypt.
 59429 | Vaults:3 | Found a basalt altar of Yredelemnul.
 59430 | Vaults:3 | Found an ancient bone altar of Kikubaaqudgha.
 59892 | Vaults:3 | Reached XP level 20. HP: 133/143 MP: 31/37
 62122 | Vaults:4 | Reached skill level 15 in Invocations
 62204 | Vaults:4 | Reached skill level 16 in Slings
 64963 | Spider:2 | Killed Aizul
 64971 | Spider:2 | Reached XP level 21. HP: 150/150 MP: 18/39
 65128 | Spider:2 | Learned a level 4 spell: Cause Fear
 65651 | Spider:3 | Found a runed translucent gate.
 65652 | Spider:3 | Found a runed translucent gate.
 65653 | Spider:3 | Found a runed translucent gate.
 65655 | Spider:3 | Noticed AttackTheMoon's ghost (adept DrAE)
 65676 | Spider:3 | Noticed Bai Suzhen
 65688 | Spider:3 | Killed Bai Suzhen
 65874 | Spider:3 | Noticed Roxanne
 66487 | Spider:4 | Entered Level 4 of the Spider Nest
 67174 | Spider:4 | Reached skill level 15 in Fighting
 67174 | Spider:4 | Reached skill level 15 in Dodging
 67790 | Spider:4 | Got a gossamer rune of Zot
 68325 | Elf:1    | Entered Level 1 of the Elven Halls
 68335 | Elf:1    | Found Neygguro's Antique Weapon Shoppe.
 68335 | Elf:1    | Found Fyqahene's Armour Emporium.
 68905 | Elf:1    | Got the Grimoire of Unholy Secrets
 68915 | Elf:1    | Learned a level 6 spell: Death Channel
 68922 | Elf:1    | Identified the ring of Giazinul {rElec rPois Str+3 Dex+2
                  | Slay+4}
 69345 | Orc:2    | Bought a wand of digging (7) for 264 gold pieces
 69876 | Depths:1 | Entered Level 1 of the Depths
 69886 | Depths:1 | Found a gateway to a ziggurat.
 70298 | Depths:1 | Found a white marble altar of Elyvilon.
 71187 | Depths:1 | Reached XP level 22. HP: 115/158 MP: 28/40
 71188 | Depths:1 | Reached skill level 15 in Stealth
 71444 | Depths:1 | Found a gateway to Hell.
 72068 | Depths:2 | Noticed a juggernaut
 72441 | Depths:2 | Reached skill level 15 in Short Blades
 72441 | Depths:2 | Reached skill level 15 in Long Blades
 72441 | Depths:2 | Reached skill level 15 in Axes
 72441 | Depths:2 | Reached skill level 15 in Maces & Flails
 72441 | Depths:2 | Reached skill level 15 in Polearms
 72441 | Depths:2 | Reached skill level 15 in Staves
 72441 | Depths:2 | Reached skill level 15 in Bows
 72441 | Depths:2 | Reached skill level 15 in Crossbows
 72441 | Depths:2 | Reached skill level 15 in Throwing
 72441 | Depths:2 | Reached skill level 15 in Armour
 72441 | Depths:2 | Reached skill level 15 in Shields
 72441 | Depths:2 | Reached skill level 15 in Unarmed Combat
 72441 | Depths:2 | Reached skill level 15 in Spellcasting
 72441 | Depths:2 | Reached skill level 15 in Evocations
 72453 | Depths:2 | Reached skill level 17 in Slings
 72454 | Depths:2 | Noticed a juggernaut
 72464 | Depths:2 | Killed a juggernaut
 72471 | Depths:2 | Noticed a golden dragon
 72481 | Depths:2 | Killed a golden dragon
 72682 | Depths:2 | Identified the ring of Guceyd {+Blink rC+ rN+ Will- rCorr}
 72804 | Depths:2 | Noticed a golden dragon
 72812 | Depths:2 | Killed a golden dragon
 72823 | Depths:2 | Noticed a caustic shrike
 72828 | Depths:2 | Killed a caustic shrike
 72907 | Depths:2 | Noticed a golden dragon
 72915 | Depths:2 | Killed a golden dragon
 73373 | Depths:2 | Killed a juggernaut
 73391 | Depths:2 | Killed from afar by a living spell

Illustrated notes

Levels and vault maps discovered:
D:1:      tarquinn_simple_flora_water_b, layout_basic,
          ebering_ecumenical_altar_hall, grunt_decor_cap
D:2:      layout_basic, uniq_jessica, uniq_robin, uniq_sigmund
D:3:      cheibrodos_greedy_goblins, layout_basic, mainiacjoe_overflow_chevrons,
          minmay_fountain_box
D:4:      layout_rooms, lemuel_zombie_altar_kikubaaqudgha
D:5:      layout_rooms, mainiacjoe_overflow_concentric_impassable,
          gammafunk_temple_overflow_wave, serial_shops, shop_coins
D:6:      layout_gridville, minmay_temple_entry_water_ring, enter_ossuary_4
D:7:      cheibrodos_steamvent, layout_basic,
          hellmonk_guarded_unrand_gyre_and_gimble
D:8:      layout_basic, slow_altar_1, mainiacjoe_overflow_boulevard,
          serial_shops, shop, uniq_maurice
D:9:      layout_cave_pools, ebering_ghost_gozag, hangedman_decor_slide_cut,
          minmay_microvault
D:10:     layout_small_grid, nicolae_elemental_shop, glass_columns_c,
          hex_medium, uniq_josephine
D:11:     layout_basic, grunt_lair_entry_orc_guard_hut, uniq_fannar,
          uniq_erolcha, uniq_erica
D:12:     layout_irregular_city, hiddenorc1_lemuel,
          nemelex_xobeh_ov_fountains_minmay, uniq_kirke
D:13:     layout_roguey, david_vaults_5, kennysheep_cross_bottleneck
D:14:     layout_grid_maze, minmay_misc_feat_cross, minmay_ruined_shrine
D:15:     grunt_enter_depths_hoard, layout_irregular_city,
          gammafunk_ghost_split, ashenzari_conservatory_becter
Lair:1:   layout_cave_pods, serial_bayou_lagoon_a, grunt_megastairs_4
Lair:2:   layout_roguey, minmay_swamp_entry_reptiles
Lair:3:   layout_cave_pods, spider_nest_entry_rubble,
          chequers_serial_rivers_micro_e, serial_bayou_shore_a
Lair:4:   layout_big_grid, hellmonk_ghost_happy_afterlife, uniq_rupert
Lair:5:   layout_cave_pods, minmay_slime_entry_jelly_boxes, basic_altar,
          lookout_lair_type, chequers_serial_rivers_room_a,
          minmay_lair_drake_nest
Lair:6:   due_jungle_book, layout_gridlike, ebering_ghost_rock_garden,
          grunt_megastairs_2
Swamp:1:  layout_basic_swamp, infiniplex_staircase_pool, swamp_pool2,
          uniq_louise, uniq_jorgrun
Swamp:2:  layout_basic_swamp, hangedman_swamp_ruin_wall
Swamp:3:  layout_falls_marsh, nicolae_swamp_tree_isthmus, swamp_pool2
Swamp:4:  swamp_old_school, layout_basic_swamp
Spider:1: layout_spider_delve
Spider:2: layout_spider_delve, uniq_aizul, uniq_frances
Spider:3: layout_spider_delve, gammafunk_ghost_tricky_traps, uniq_bai_suzhen,
          uniq_roxanne
Spider:4: grunt_spider_rune_circles
Orc:1:    layout_caves, basic_altar, uniq_gastronok
Orc:2:    st_orc_rangers, layout_caves, basic_altar, sword_in_stone
Elf:1:    layout_rooms, minmay_elf_necromancy, roderic_roman_lattice,
          minmay_shoptagon
Vaults:1: v_misc_4, v_misc_4, nicolae_vaults_octagons,
          grunt_vaults_hallway_long, vaults_mumra_chevron_long, v_misc_23,
          v_pattern_1, vaults_room_fours, grunt_vaults_funnel,
          layout_vaults_omnigrid, serial_shops, nicolae_square_shop
Vaults:2: st_greater_box_3, ontoclasm_vaults_idyll,
          nicolae_vaults_diagonal_hallway_6, grunt_vaults_hallway_short,
          ontoclasm_vaults_decontamination, hangedman_vaults_trim,
          grunt_vaults_hallway_long, nicolae_vaults_specimen_jars,
          layout_vaults_big_room, mu_enter_wizlab_4, uniq_mennas, uniq_asterion,
          uniq_saint_roka
Vaults:3: v_alt_pattern_3, hangedman_vaults_unwind, vaults_room_fancy_cross,
          ontoclasm_vaults_ring_square, minmay_crypt_entry_necro_gods,
          v_misc_24, nicolae_vaults_big_angled_halls, grunt_vaults_twisty,
          v_pattern_3, vaults_room_fours, nicolae_vaults_little_squares_1,
          grunt_vaults_hallway_short, layout_vaults_omnicross,
          portal_desolation_entry_nicolae_slug
Vaults:4: hangedman_vaults_cutoff, vaults_room_corners,
          vaults_room_grunt_arrival_ludios, nicolae_vaults_stairing_the_circle,
          nicolae_vaults_network_quinsquares
          [nicolae_vaults_network_quincunx_subvault,
          nicolae_vaults_network_quincunx_subvault,
          nicolae_vaults_network_quincunx_subvault,
          nicolae_vaults_network_quincunx_subvault], dpeg_vaults_monster_row,
          nicolae_vaults_little_squares_3, v_alt_pattern_1,
          layout_vaults_maze_snakey
Depths:1: layout_honeycomb, enter_ziggurat_c, chequers_serial_rivers_micro_a,
          hellmouth_2, elyvilon_altar_4
Depths:2: minmay_complete_graph, layout_cave_pools, pan_entry, hell_entry,
          chequers_serial_rivers_micro_e, infiniplex_staircase_pool_2

Skill      XL: |  1  2  3  4  5  6  7  8  9 10 11 12 13 14 15 16 17 18 19 20 21 22 |
---------------+-------------------------------------------------------------------+-----
Invocations    | 1 2 3 4 5 6 7 8 9 10 11 12 13 14 15 16 | 16.5
Short Blades   | 1 2 3 5 6 7 8 9 10 11 12 13 14 15 | 15.2
Long Blades    | 1 2 3 5 6 7 8 9 10 11 12 13 14 15 | 15.2
Axes           | 1 2 3 5 6 7 8 9 10 11 12 13 14 15 | 15.2
Maces & Flails | 1 2 3 5 6 7 8 9 10 11 12 13 14 15 | 15.2
Polearms       | 1 2 3 5 6 7 8 9 10 11 12 13 14 15 | 15.2
Staves         | 1 2 3 5 6 7 8 9 10 11 12 13 14 15 | 15.2
Bows           | 1 2 3 5 6 7 8 9 10 11 12 13 14 15 | 15.2
Crossbows      | 1 2 3 5 6 7 8 9 10 11 12 13 14 15 | 15.2
Throwing       | 1 2 3 5 6 7 8 9 10 11 12 13 14 15 | 15.2
Armour         | 1 2 3 5 6 7 8 9 10 11 12 13 14 15 | 15.2
Shields        | 1 2 3 5 6 7 8 9 10 11 12 13 14 15 | 15.2
Unarmed Combat | 1 2 3 5 6 7 8 9 10 11 12 13 14 15 | 15.2
Spellcasting   | 1 2 3 5 6 7 8 9 10 11 12 13 14 15 | 15.2
Evocations     | 1 2 3 5 6 7 8 9 10 11 12 13 14 15 | 15.2
Conjurations   | 1 2 3 4 5 6 7 8 9 10 11 12 | 12.9
Hexes          | 1 2 3 4 5 6 7 8 9 10 11 12 | 12.9
Summonings     | 1 2 3 4 5 6 7 8 9 10 11 12 | 12.9
Necromancy     | 1 2 3 4 5 6 7 8 9 10 11 12 | 12.9
Translocations | 1 2 3 4 5 6 7 8 9 10 11 12 | 12.9
Transmutations | 1 2 3 4 5 6 7 8 9 10 11 12 | 12.9
Fire Magic     | 1 2 3 4 5 6 7 8 9 10 11 12 | 12.9
Ice Magic      | 1 2 3 4 5 6 7 8 9 10 11 12 | 12.9
Air Magic      | 1 2 3 4 5 6 7 8 9 10 11 12 | 12.9
Earth Magic    | 1 2 3 4 5 6 7 8 9 10 11 12 | 12.9
Poison Magic   | 1 2 3 4 5 6 7 8 9 10 11 12 | 12.9
Stealth        | 3 4 5 6 7 8 9 10 11 12 13 14 15 | 15.4
Fighting       | 5 6 7 8 9 10 11 12 13 14 15 | 15.8
Dodging        | 5 6 7 8 9 10 11 12 13 14 15 | 15.8
Slings         | 9 10 11 12 13 14 15 16 17 | 17.2

Action                   |  1- 3 |  4- 6 |  7- 9 | 10-12 | 13-15 | 16-18 | 19-21 | 22-24 || total
-------------------------+-------+-------+-------+-------+-------+-------+-------+-------++-------
Melee: Short sword       |    14 |   162 |    16 |       |       |       |       |       ||   192
       Bite              |     1 |    13 |     6 |     7 |    42 |    56 |    44 |     8 ||   177
       Dagger            |       |     2 |       |       |       |       |       |       ||     2
       Punch             |       |     1 |       |       |       |       |       |       ||     1
       Flail             |       |       |    77 |    76 |    16 |    85 |   227 |    46 ||   527
       Rapier            |       |       |       |     1 |       |       |       |       ||     1
       Trident           |       |       |       |       |   251 |   315 |     2 |       ||   568
 Fire: Hunting sling     |    64 |   118 |   130 |   312 |   634 |   276 |   481 |    14 ||  2029
Throw: Stone             |       |     1 |     6 |       |     9 |    39 |     8 |     7 ||    70
       Javelin           |       |       |       |       |     5 |       |   163 |    10 ||   178
 Cast: Animate Skeleton  |       |       |       |     8 |    89 |    76 |    43 |       ||   216
       Teleport Other    |       |       |       |       |     1 |       |       |       ||     1
       Mephitic Cloud    |       |       |       |       |    33 |    55 |    33 |     1 ||   122
       Frozen Ramparts   |       |       |       |       |    10 |     9 |     1 |       ||    20
       Poisonous Vapours |       |       |       |       |     1 |       |       |       ||     1
       Animate Armour    |       |       |       |       |       |    64 |    31 |       ||    95
       Vampiric Draining |       |       |       |       |       |    24 |     3 |       ||    27
       Borgnjor's Vile C |       |       |       |       |       |    40 |   143 |    33 ||   216
       Freezing Cloud    |       |       |       |       |       |     6 |     5 |     1 ||    12
       Fireball          |       |       |       |       |       |       |     6 |     3 ||     9
       Death Channel     |       |       |       |       |       |       |     3 |    13 ||    16
       Apportation       |       |       |       |       |       |       |     1 |       ||     1
Invok: Ancestor Life: Ba |       |       |       |     1 |       |       |       |       ||     1
       Recall Ancestor   |       |       |       |     1 |     7 |    10 |    12 |     2 ||    32
       Idealise          |       |       |       |       |    18 |    11 |    11 |     2 ||    42
Evoke: Wand              |       |       |     4 |    56 |    86 |    38 |    12 |       ||   196
       Phial of floods   |       |       |       |     1 |     4 |     6 |     9 |     3 ||    23
       Lightning rod     |       |       |       |       |       |    27 |    26 |     5 ||    58
       Tin of tremorston |       |       |       |       |       |       |    11 |       ||    11
       Condenser vane    |       |       |       |       |       |       |     2 |     2 ||     4
  Use: Potion            |       |     4 |     2 |     2 |     3 |    10 |     7 |       ||    28
       Scroll            |       |    12 |     3 |    10 |    17 |    16 |    11 |     1 ||    70
 Stab: Paralysed         |       |       |       |     3 |     1 |    10 |     3 |       ||    17
       Distracted        |       |       |       |       |     1 |     5 |     4 |     1 ||    11
       Confused          |       |       |       |       |       |    13 |     1 |       ||    14
       Sleeping          |       |       |       |       |       |     1 |     1 |       ||     2
       Invisible         |       |       |       |       |       |       |     1 |       ||     1
Armor: Scale mail        |    11 |   187 |       |       |       |       |       |       ||   198
       Chain mail        |       |       |    87 |    62 |   194 |   256 |   120 |    19 ||   738
Dodge: Dodged            |     9 |   197 |    64 |    60 |   203 |   252 |   160 |    18 ||   963
       Repelled          |       |       |       |       |     1 |    15 |     5 |       ||    21
Block: Buckler           |       |       |    13 |    14 |       |       |       |       ||    27
       Kite shield       |       |       |       |    42 |   384 |   489 |   295 |    40 ||  1250

Table legend: (Time is in decaauts)
 A = Elapsed time spent in this place.
 B = Non-inter-level travel time spent in this place.
 C = Inter-level travel time spent in this place.
 D = Time resting spent in this place.
 E = Time spent auto-exploring this place.
 F = Levels seen in this place.
 G = Mean time per level.
                   A        B        C        D        E       F      G
               +--------+--------+--------+--------+--------+-----+--------+
         Total |  73068 |  67770 |   5298 |  32217 |  22341 |  38 | 1922.8 |
       Dungeon |  23574 |  21007 |   2567 |   9195 |   7791 |  15 | 1571.6 |
          Lair |  11811 |  10640 |   1171 |   3780 |   4387 |   6 | 1968.5 |
         Swamp |   8244 |   7896 |    348 |   4169 |   2465 |   4 | 2061.0 |
   Spider Nest |   6157 |   5732 |    425 |   2525 |   2121 |   4 | 1539.2 |
  Orcish Mines |   4248 |   3870 |    378 |   2192 |    968 |   2 | 2124.0 |
   Elven Halls |    966 |    963 |      3 |     97 |    580 |   1 |  966.0 |
        Vaults |  15080 |  14732 |    348 |   9117 |   2923 |   4 | 3770.0 |
        Depths |   2986 |   2931 |     55 |   1139 |   1104 |   2 | 1493.0 |
               +--------+--------+--------+--------+--------+-----+--------+

Top non-repeatable levels by time:
Vaults:1: 6042 daAuts
Vaults:3: 3969 daAuts
     D:3: 3394 daAuts
  Lair:5: 2899 daAuts
  Lair:3: 2877 daAuts
Spider:1: 2847 daAuts
Vaults:2: 2650 daAuts
 Swamp:3: 2594 daAuts
Vaults:4: 2417 daAuts
     D:7: 2244 daAuts
   Orc:1: 2223 daAuts
Depths:1: 2158 daAuts
 Swamp:4: 2040 daAuts
   Orc:2: 2025 daAuts
  Lair:6: 1968 daAuts
